 Dungeon Crawl Stone Soup version 0.23-a0-299-g9a66eeb (webtiles) character file.

62 mopl the Vexing (level 3, 0/36 HPs)
             Began as a Demonspawn Enchanter on Oct 6, 2018.
             Succumbed to an adder's poison
             ... on level 2 of the Dungeon.
             The game lasted 00:02:18 (1344 turns).

mopl the Vexing (Demonspawn Enchanter)              Turns: 1344, Time: 00:02:19

Health: 0/36       AC: 21    Str:  7 (8)  XL:     3   Next: 85%
Magic:  2/6        EV:  2    Int: 13 (16) God:
Gold:   43         SH:  0    Dex: 11 (14) Spells: 3/6 levels left

rFire    . . .     SeeInvis .   a - +1 dagger (venom)
rCold    . . .     Gourm    .   (no shield)
rNeg     + + +     Faith    .   (armour currently unavailable)
rPois    +         Spirit   .   (helmet currently unavailable)
rElec    .         Reflect  .   (cloak currently unavailable)
rCorr    .         Harm     .   (gloves currently unavailable)
MR       .....     NoTele   +   (boots currently unavailable)
Stlth    ++........             (no amulet)
HPRegen  0.12/turn              (no ring)
MPRegen  0.10/turn              (no ring)

@: lethally poisoned (0 -> -3), tree-form
A: no striking features
a: no special abilities


You were on level 2 of the Dungeon.
You were hungry.
You were a tree.
You visited 1 branch of the dungeon, and saw 2 of its levels.

You collected 43 gold pieces.

Inventory:

Hand Weapons
 a - a +1 dagger of venom (weapon)
Missiles
 k - 9 poisoned needles
Armour
 b - a +0 robe (melded)
Scrolls
 e - a scroll of fog {unknown}
 f - a scroll of identify {unknown}
Comestibles
 d - 3 rations
 g - a chunk of flesh


   Skills:
 - Level 0.8 Short Blades
 - Level 1.7 Dodging
 * Level 3.4 Stealth
 + Level 2.4 Spellcasting
 * Level 3.8 Hexes
 + Level 0.6 Ice Magic


You had 3 spell levels left.
You knew the following spells:

 Your Spells              Type           Power        Failure   Level  Hunger
a - Corona                Hex            ##.....      4%          1    #......
b - Ensorcelled Hibernat  Hex/Ice        #.....       14%         2    ###....

Your spell library contained the following spells:

 Spells                   Type           Power        Failure   Level  Hunger
 Confuse                  Hex            ##......     16%         3    ###....
 Tukima's Dance           Hex            ##......     16%         3    ###....
 Dazzling Spray           Conj/Hex       #.....       32%         3    ###....


Dungeon Overview and Level Annotations

Branches:
Dungeon (2/15)

Altars:


Innate Abilities, Weirdness & Mutations

((You have a pair of small horns on your head.))
((Your flesh is heat resistant. (rF+)))


Message History

You feel sick. The adder bites you but does no damage.
Unknown command.
You closely miss the adder.
The adder is moderately wounded.
The adder bites you but does no damage.
You hit the adder but do no damage.
The adder looks even sicker.
The adder is heavily wounded.
* * * LOW HITPOINT WARNING * * *
You feel sick.
The adder bites you but does no damage. x2
You hit the adder.
The adder is almost dead.
You kill the adder!
You cannot move.
You cannot move.
Unknown command.
You aren't carrying any potions.
Unknown command.
As you read the scroll labeled MANNIO AJUUWO, it crumbles to dust.
You feel a strange sense of stasis.
It was a scroll of teleportation.
You die...

...# #......# #...........#
...####.....g######...........#
..............>...........>...#
......##......................#
......##......................#
......##......................#
.<....##.....S....(.÷.........#
...†..##....#####################
......'........†♣................
......###########################
....(.......................# #
###.#.#####################.# #
#.#.#...........#########.# #
#.#.#.#######.............#####
#.#.#.#######.#.########..)....
#.#.#.........#.......<#.######
#.#.####################.#


There were no monsters in sight!

Vanquished Creatures
  Terence (D:2)
  An adder (D:2)
  A dart slug (D:1)
  A leopard gecko (D:1)
  A giant cockroach (D:2)
  2 goblins (D:2)
  2 hobgoblins
  A jackal (D:2)
  6 bats
  3 frilled lizards
  4 kobolds
  4 rats
27 creatures vanquished.

Notes
Turn   | Place    | Note
-------+----------+-------------------------------------------
     0 | D:1      | mopl the Demonspawn Enchanter began the quest for the Orb.
     0 | D:1      | Reached XP level 1. HP: 13/13 MP: 3/3
   190 | D:1      | Gained mutation: You have a pair of small horns on your
                  | head. [demonic ancestry]
   190 | D:1      | Reached XP level 2. HP: 16/19 MP: 1/5
   193 | D:1      | Reached skill level 3 in Stealth
   201 | D:1      | Learned a level 2 spell: Ensorcelled Hibernation
  1194 | D:2      | Noticed Terence
  1314 | D:2      | Killed Terence
  1314 | D:2      | Gained mutation: Your flesh is heat resistant. (rF+)
                  | [demonic ancestry]
  1314 | D:2      | Reached XP level 3. HP: 14/24 MP: 1/6
  1342 | D:2      | HP: 1/36 [poisoned by an adder]
  1344 | D:2      | Succumbed to an adder's poison

Vault maps used:
D:1:      ebering_hopf_link, minmay_misc_feat_plants, hangedman_decor_riveting
D:2:      kennysheep_generic_room_14, uniq_crazy_yiuf_cottage, uniq_terence,
          uniq_jessica

Skill      XL: |  1  2 |
---------------+-------+-----
Stealth        | 3 |  3.4
Short Blades   | |  0.8
Dodging        | |  1.7
Spellcasting   | |  2.4
Hexes          | |  3.8
Ice Magic      | |  0.6

Action                   || total
-------------------------++-------
Melee: Dagger            ||    68
       Headbutt          ||     4
 Cast: Corona            ||     4
       Ensorcelled Hiber ||     3
  Use: Potion            ||     3
       Scroll            ||     1
 Stab: Sleeping          ||     7
  Eat: Chunk             ||     1
Armor: Robe              ||    15
       Skin              ||     4
Dodge: Dodged            ||    36

Table legend:
 A = Non-vault XP
 B = Vault XP
 C = Vault XP percentage of total XP
 D = Non-vault monster count
 E = Vault monster count
 F = Vault count percentage of total count
                 A         B        C        D         E       F
            +---------+---------+-------+---------+---------+-------
      Total |      53 |      36 |  40.4 |      26 |       1 |   3.7
            +---------+---------+-------+---------+---------+-------
        D:1 |      21 |       0 |   0.0 |      14 |       0 |   0.0
        D:2 |      32 |      36 |  52.9 |      12 |       1 |   7.7
            +---------+---------+-------+---------+---------+-------
